 Dungeon Crawl Stone Soup version 0.29-a0-919-gd064cfad1c (webtiles) character file.

Game seed: 14548390197955048942

115 Hubjo the Insei (level 4, -5/34 HPs)
             Began as a Demonspawn Transmuter on July 26, 2022.
             Was a Follower of Okawaru.
             Slain by a gnoll
             ... wielding a +0 halberd
              (10 damage)
             ... on level 3 of the Dungeon.
             The game lasted 00:04:52 (3053 turns).

Hubjo the Insei (Demonspawn Transmuter)             Turns: 3053, Time: 00:04:53

Health: -5/34      AC:  3    Str: 11    XL:     4   Next: 68%
Magic:  6/8        EV: 12    Int: 16    God:    Okawaru [*.....]
Gold:   105        SH:  4    Dex: 13    Spells: 7/8 levels left

rFire   . . .      SeeInvis .     - Unarmed
rCold   . . .      Faith    .   (no shield)
rNeg    . . .      Spirit   .   a - +1 robe
rPois   .          Reflect  .   (helmet currently unavailable)
rElec   .          Harm     .   (no cloak)
rCorr   +          Rampage  .   (no gloves)
Will    +....                   (boots currently unavailable)
Stlth   +.........              (no amulet)
HPRegen 0.11/turn               c - ring of willpower
MPRegen 0.11/turn               i - ring of resist corrosion

@: appendages (expiring)
A: horns 2, talons 2, (demonic guardian 1), condensation shield
a: End Transformation, Renounce Religion, Heroism


You were on level 3 of the Dungeon.
You worshipped Okawaru.
Okawaru was aware of your devotion.
You had temporarily grown beastly horns and talons.
You visited 1 branch of the dungeon, and saw 3 of its levels.

You collected 105 gold pieces.

Inventory:

Armour
 a - a +1 robe (worn)
Jewellery
 c - a ring of willpower (left hand)
 i - a ring of resist corrosion (right hand)
 j - a ring of flight
Wands
 l - a wand of flame (9)
Scrolls
 d - 2 scrolls of enchant armour
 h - 2 scrolls of teleportation {unknown}
 k - a scroll of butterflies {unknown}
 m - a scroll of amnesia {unknown}
Potions
 b - 2 potions of curing
 e - 3 potions of degeneration {unknown}
 f - 2 potions of haste {unknown}
 g - a potion of ambrosia {unknown}


   Skills:
 + Level 2.3 Fighting
 - Level 1.7 Dodging
 + Level 3.2 Unarmed Combat
 + Level 2.6 Spellcasting
 * Level 3.0 Transmutations


You had 7 spell levels left.
You knew the following spells:

 Your Spells              Type           Power      Damage    Failure   Level
a - Beastly Appendage     Tmut           22%        N/A       5%          1

Your spell library contained the following spells:

 Spells                   Type           Power      Damage    Failure   Level
 Wereblood                Tmut           11%        N/A       9%          2
 Apportation              Tloc           4%         N/A       19%         1
 Freeze                   Ice            8%         1d3       19%         1
 Necrotise                Necr           8%         1d4       19%         1
 Spider Form              Tmut/Pois      6%         N/A       30%         3
 Ice Form                 Ice/Tmut       6%         N/A       71%         4
 Summon Small Mammal      Summ           Unusable   N/A       N/A         1

Dungeon Overview and Level Annotations

Branches:
Dungeon (3/15)

Altars:
Okawaru

Shops:
D:2 (


Innate Abilities, Weirdness & Mutations

You have temporarily grown beastly horns and talons.
((A weak demonic guardian rushes to your aid.))
A meltable shield of frost defends you. (SH +4)


Message History

The gnoll hits you with a +0 halberd!
Things that are here:
a +0 hand axe; a gnoll corpse You hit the gnoll.
The gnoll is heavily wounded.
You barely miss the gnoll. You claw the gnoll. You headbutt the gnoll!
You kill the gnoll!
Okawaru accepts your kill.
The gnoll hits you from afar with a +0 halberd!
* * * LOW HITPOINT WARNING * * *
Your Transmutations skill increases to level 3!
The gnoll hits you with a +0 halberd.
* * * LOW HITPOINT WARNING * * *
Things that are here:
a +0 club; 2 murky red potions; a gnoll corpse The gnoll misses you.
You feel better. You block the gnoll's attack.
You hit the gnoll but do no damage.
The gnoll is heavily wounded.
The gnoll barely misses you.
You hit the gnoll but do no damage.
The gnoll is heavily wounded.
Your horns disappear.
Your talons disappear.
The gnoll misses you.
You hit the gnoll but do no damage.
The gnoll is heavily wounded.
The gnoll closely misses you.
Casting: Beastly Appendage (safe; 5% risk of failure)
Confirm with . or Enter, or press ? or * to list all spells.
You grow a pair of large bovine horns.
Your feet morph into talons.
The gnoll barely misses you.
You closely miss the gnoll.
The gnoll is heavily wounded.
The gnoll hits you with a +0 halberd.
* * * LOW HITPOINT WARNING * * *
You hit the gnoll.
The gnoll is heavily wounded.
Your transformation is almost over.
The gnoll hits you with a +0 halberd!
You die...

..........####.#.#
..#####†..<......# ..#
#.####.#.#.# ..#
#....[.....# #.#
#.#.#..#.#.# #
..#####.#)#...<..# #.
#.......#.#.##.###
#..######..#.####.#.#
.# #......))@...#
#.#.##.# #####.###g.###
#.#†...# #.# #..#
....#..### #.# #..#
#.####..##### ##.###..#
#.# #......)
#####...##..# #.#
#...#### .............#
#.# #...#
######...###.#
#.####÷..#
##......###........####


You could see a gnoll.

Vanquished Creatures
  3 gnolls
  2 adders
  2 worms
  2 dart slugs (D:1)
  7 orcs (D:3)
  7 ball pythons
  2 endoplasms
  A hobgoblin (D:2)
  6 jackals
  A quokka (D:3)
  5 bats
  A frilled lizard (D:2)
  6 goblins
  2 kobolds (D:1)
  7 rats
54 creatures vanquished.

Notes
Turn   | Place    | Note
-------+----------+-------------------------------------------
     0 | D:1      | Hubjo the Demonspawn Transmuter began the quest for the
                  | Orb.
     0 | D:1      | Reached XP level 1. HP: 15/15 MP: 3/3
    72 | D:1      | Gained mutation: A weak demonic guardian rushes to your
                  | aid. [demonic ancestry]
    72 | D:1      | Reached XP level 2. HP: 3/21 MP: 3/5
   341 | D:1      | Found a faded altar of an unknown god.
   368 | D:1      | Prayed at the altar of an unknown god.
   368 | D:1      | Became a worshipper of Warmaster Okawaru
   368 | D:1      | Reached * piety under Okawaru
   387 | D:1      | Got Plato's Teachings on the Blizzard
  1058 | D:1      | Reached XP level 3. HP: 27/27 MP: 4/6
  1583 | D:2      | Found Joxzexibb's Antique Weapon Shop.
  2668 | D:3      | Gained mutation: A meltable shield of frost defends you.
                  | (SH +4) [demonic ancestry]
  2668 | D:3      | Reached XP level 4. HP: 28/33 MP: 5/7
  3053 | D:3      | Slain by a gnoll

Illustrated notes

Levels and vault maps discovered:
D:1:      dpeg_arrival_yet_another_circle, layout_basic,
          shapermc_ecumenical_altar_rom_forum, hangedman_decor_riveting,
          chequers_garden, minmay_pentomino_v2
D:2:      layout_basic, serial_shops, shop
D:3:      layout_loops_ring, gammafunk_ghost_stat_death

Skill      XL: |  1  2  3  4 |
---------------+-------------+-----
Transmutations | 2 3 |  3.0
Unarmed Combat | 3 |  3.2
Fighting       | 2 |  2.3
Dodging        | |  1.7
Spellcasting   | |  2.6

Action                   |  1- 3 |  4- 6 || total
-------------------------+-------+-------++-------
Melee: Unarmed           |   113 |    48 ||   161
       Kick              |    19 |    11 ||    30
       Headbutt          |     8 |     9 ||    17
       Punch             |     2 |     1 ||     3
 Cast: Beastly Appendage |    32 |     8 ||    40
  Use: Potion            |     3 |     1 ||     4
       Scroll            |     1 |       ||     1
 Stab: Sleeping          |     1 |       ||     1
Armor: Skin              |     3 |       ||     3
       Robe              |    27 |     9 ||    36
Dodge: Dodged            |   109 |    22 ||   131
Block: Other             |       |     5 ||     5

Table legend: (Time is in decaauts)
 A = Elapsed time spent in this place.
 B = Non-inter-level travel time spent in this place.
 C = Inter-level travel time spent in this place.
 D = Time resting spent in this place.
 E = Time spent auto-exploring this place.
 F = Levels seen in this place.
 G = Mean time per level.
                   A        B        C        D        E       F      G
               +--------+--------+--------+--------+--------+-----+--------+
         Total |   3042 |   3042 |      0 |      0 |   2621 |   3 | 1014.0 |
       Dungeon |   3042 |   3042 |      0 |      0 |   2621 |   3 | 1014.0 |
               +--------+--------+--------+--------+--------+-----+--------+

Top non-repeatable levels by time:
     D:1: 1340 daAuts
     D:2: 1225 daAuts
     D:3: 476 daAuts
